 Dungeon Crawl Stone Soup version 0.26-a0-651-gb41185065b (webtiles) character file.

Game seed: 9670867047851172441

104 Ozzies the Skirmisher (level 4, -5/32 HPs)
             Began as a Gargoyle Fighter on Oct 14, 2020.
             Killed by divine providence
             ... invoked by an orc priest
              (13 damage)
             ... on level 3 of the Dungeon.
             The game lasted 00:03:26 (2806 turns).

Ozzies the Skirmisher (Gargoyle Fighter)            Turns: 2806, Time: 00:03:27

Health: -5/32      AC: 13    Str: 21    XL:     4   Next: 80%
Magic:  4/4        EV:  7    Int:  8    God:
Gold:   97         SH:  9    Dex:  9    Spells: 3/3 levels left

rFire    . . .     SeeInvis .   u - +1 mace (vorpal)
rCold    . . .     Faith    .   c - +0 kite shield
rNeg     + . .     Spirit   .   b - +0 scale mail
rPois    ∞         Reflect  .   f - +1 helmet
rElec    +         Harm     .   (no cloak)
rCorr    .         Rampage  .   n - +0 pair of gloves
MR       .....                  (no boots)
Stlth    ..........             (no amulet)
HPRegen  0.10/turn              (no ring)
MPRegen  0.09/turn              (no ring)

@: no status effects
A: negative energy resistance 1, electricity resistance, unbreathing,
petrification resistance, rot immunity, AC +3
a: no special abilities


You were on level 3 of the Dungeon.
You visited 1 branch of the dungeon, and saw 3 of its levels.

You collected 97 gold pieces.

Inventory:

Hand Weapons
 a - a +0 flail
 e - a -1 spear
 u - a +1 vorpal mace (weapon)
Armour
 b - a +0 scale mail (worn)
 c - a +0 kite shield (worn)
 f - a +1 helmet (worn)
 n - a +0 pair of gloves (worn)
 s - a +0 cloak
Jewellery
 r - a cursed ring of attention {unknown}
Scrolls
 g - a scroll of enchant armour
 i - 3 scrolls of remove curse {@r2}
 j - 4 scrolls of teleportation {unknown}
 l - 2 scrolls of enchant weapon {unknown}
 m - a scroll of identify {unknown}
 q - a scroll of magic mapping {unknown}
 t - a scroll of noise {unknown}
Potions
 d - a potion of might {@q3 !q}
 h - 2 potions of curing {unknown}
 k - a potion of cancellation {unknown}
 o - a potion of mutation {unknown}
 p - a potion of heal wounds {unknown}


   Skills:
 + Level 5.9 Fighting
 - Level 2.0 Maces & Flails
 - Level 3.2 Armour
 - Level 3.2 Shields


You had 3 spell levels left.
You didn't know any spells.
Your spell library was empty.

Dungeon Overview and Level Annotations

Branches:
Dungeon (3/15)

Altars:
Ashenzari
Dithmenos
Sif Muna


Innate Abilities, Weirdness & Mutations

You are resistant to torment.
Your stone body is resilient. (AC +3)
You are immune to poison.
You resist negative energy. (rN+)
You are resistant to electric shocks. (rElec)
You can survive without breathing.
You are immune to petrification.
You are immune to rotting.


Message History

The orc is heavily wounded.
The orc hits you but does no damage. The kobold hits you but does no damage.
You block the orc's attack.
You completely miss the orc.
The orc is heavily wounded.
You block the orc's attack. The kobold barely misses you.
The orc barely misses you.
The orc priest looks encouraged for a moment.
You block the orc's attack. The kobold hits you but does no damage.
The orc hits you but does no damage.
You hit the orc but do no damage.
The orc is heavily wounded.
You block the orc's attack. You block the kobold's attack.
The orc hits you but does no damage.
You closely miss the orc.
The orc is heavily wounded.
You block the kobold's attack. You block the orc's attack.
The orc hits you but does no damage.
You hit the orc.
You kill the orc!
The kobold hits you but does no damage. You block the orc's attack.
You block the kobold's attack. The orc barely misses you.
You hit the kobold.
You kill the kobold!
The orc hits you but does no damage.
Things that are here:
a +0 dagger; a kobold corpse You closely miss the orc priest.
You block the orc priest's attack. The orc barely misses you.
You hit the orc priest but do no damage.
The orc priest hits you but does no damage.
The orc hits you but does no damage. You block the orc priest's attack.
Your shield prevents you from hitting the orc priest.
The orc hits you but does no damage.
The orc priest calls down the wrath of Beogh upon you.
Pain shoots through your body! You block the orc's attack.
You barely miss the orc priest.
The orc priest hits you but does no damage.
You block the orc's attack.
You closely miss the orc priest.
The orc priest mumbles some strange prayers to Beogh against you.
Pain shoots through your body! You block the orc's attack.
You block the orc priest's attack.
You hit the orc priest but do no damage.
The orc barely misses you. The orc priest barely misses you.
You closely miss the orc priest. The orc closely misses you.
The orc priest hits you but does no damage.
The orc hits you with a +0 trident.
You hit the orc priest but do no damage.
You block the orc priest's attack.
The orc priest hits you but does no damage.
You block the orc's attack.
You barely miss the orc priest.
The orc priest hits you with a +0 dagger.
The orc hits you but does no damage.
You are too injured to fight recklessly!
You are too injured to fight recklessly!
You are too injured to fight recklessly!
You are too injured to fight recklessly!
You are too injured to fight recklessly!
You are too injured to fight recklessly!
You are too injured to fight recklessly!
You are too injured to fight recklessly!
You are too injured to fight recklessly!
You are too injured to fight recklessly!
You are too injured to fight recklessly!
You are too injured to fight recklessly!
You are too injured to fight recklessly!
You are too injured to fight recklessly!
You are too injured to fight recklessly!
You are too injured to fight recklessly!
You are too injured to fight recklessly!
You closely miss the orc priest. You block the orc priest's attack.
The orc hits you with a +0 trident.
The orc priest looks encouraged for a moment.
You sock the orc priest!
The orc priest is heavily wounded.
You block the orc's attack. The orc priest barely misses you.
You block the orc's attack.
You hit the orc priest.
The orc priest is severely wounded.
You block the orc priest's attack. You block the orc's attack.
You closely miss the orc priest.
The orc priest is severely wounded.
The orc priest hits you but does no damage.
The orc hits you but does no damage.
The orc priest hits you but does no damage.
You hit the orc priest.
The orc priest is almost dead.
You block the orc's attack. You block the orc priest's attack.
You hit the orc priest but do no damage.
The orc priest is almost dead.
You block the orc's attack.
The orc priest calls down the wrath of Beogh upon you.
Beogh smites you!
* * * LOW HITPOINT WARNING * * *
The orc hits you but does no damage.
The orc priest mumbles some strange prayers to Beogh against you.
Beogh smites you!
You die...

....#...# .. #.......# .
##.##......##..
#..............
...........# ##...##....#
.. .....#.>...## ..... #
#..#.)[...## .....###
#..#@<###(.#
.#......#####..oo.# ##.#
...#..............# #.##
.............####...##..#
...#.#.....########.###.###
.................##.......#
...###..oo.#......####....#
).####.....####...........#
.......#o###
#####.##....####


You could see an orc priest and an orc.

Vanquished Creatures
  Crazy Yiuf (D:2)
  A worm (D:2)
  2 dart slugs
  3 leopard geckos
  4 orcs
  2 ball pythons
  A giant cockroach (D:1)
  6 goblins
  5 hobgoblins
  10 jackals
  9 kobolds
  A quokka (D:2)
  5 bats
  4 frilled lizards
  2 rats (D:2)
56 creatures vanquished.

Notes
Turn   | Place    | Note
-------+----------+-------------------------------------------
     0 | D:1      | Ozzies the Gargoyle Fighter began the quest for the Orb.
     0 | D:1      | Reached XP level 1. HP: 14/14 MP: 1/1
    90 | D:1      | Reached XP level 2. HP: 11/20 MP: 2/2
   277 | D:1      | Reached skill level 4 in Fighting
   507 | D:1      | Reached XP level 3. HP: 24/24 MP: 3/3
   845 | D:2      | Found a shadowy altar of Dithmenos.
   971 | D:2      | Found a shimmering blue altar of Sif Muna.
  1159 | D:2      | Found a broken altar of Ashenzari.
  1224 | D:2      | Reached skill level 5 in Fighting
  1305 | D:2      | Found a faded altar of an unknown god.
  1634 | D:2      | Found a runed translucent door.
  1635 | D:2      | Noticed Crazy Yiuf
  1647 | D:2      | Killed Crazy Yiuf
  1647 | D:2      | Reached XP level 4. HP: 31/31 MP: 4/4
  2806 | D:3      | Killed from afar by an orc priest

Illustrated notes

Levels and vault maps discovered:
D:1:      heliophobic_arrival_henge, layout_loops_ring
D:2:      layout_loops_ring, lemuel_crystal_altar, old_standard_altar,
          lemuel_blue_sif_altar, chequers_ecumenical_altar_island,
          uniq_crazy_yiuf_cottage
D:3:      layout_rooms, lemuel_crystal_altar, uniq_terence

Skill      XL: |  1  2  3 |
---------------+----------+-----
Fighting       | 4 5 |  5.9
Maces & Flails | |  2.0
Armour         | |  3.2
Shields        | |  3.2

Action                   |  1- 3 |  4- 6 || total
-------------------------+-------+-------++-------
Melee: Flail             |    89 |    72 ||   161
       Spear             |    58 |       ||    58
       Mace              |       |    22 ||    22
  Use: Scroll            |     2 |       ||     2
Armor: Scale mail        |    69 |   139 ||   208
Dodge: Dodged            |    30 |    92 ||   122
Block: Kite shield       |    75 |   119 ||   194

Table legend: (Time is in decaauts)
 A = Elapsed time spent in this place.
 B = Non-inter-level travel time spent in this place.
 C = Inter-level travel time spent in this place.
 D = Time resting spent in this place.
 E = Time spent auto-exploring this place.
 F = Levels seen in this place.
 G = Mean time per level.
                   A        B        C        D        E       F      G
               +--------+--------+--------+--------+--------+-----+--------+
         Total |   2871 |   2818 |     53 |    902 |   1400 |   3 |  957.0 |
       Dungeon |   2871 |   2818 |     53 |    902 |   1400 |   3 |  957.0 |
               +--------+--------+--------+--------+--------+-----+--------+

Top non-repeatable levels by time:
     D:2: 1866 daAuts
     D:1: 809 daAuts
     D:3: 195 daAuts
